 Dungeon Sprint DCSS version 0.30-a0-802-gb92711bcdf (webtiles) character file.

Game seed: 8415390918771183688

7 valliere the Ducker (level 2, -8/24 HPs)
             Began as a Merfolk Transmuter on Feb 23, 2023.
             Was an Initiate of Jiyva.
             Mangled by a +5 vampiric war axe (14 damage)
             ... in the Dungeon (Sprint V: "Ziggurat Sprint").
             The game lasted 00:02:34 (91 turns).

valliere the Ducker (Merfolk Transmuter)              Turns: 91, Time: 00:02:35

Health: -8/24      AC:  2    Str: 16    XL:     2   Next: 0%
Magic:  6/6        EV: 14    Int: 18    God:    Jiyva [......]
Gold:   0          SH:  0    Dex: 14    Spells: 6/7 levels left

rFire   . . .      SeeInvis .    D - +9 sword of Power {lifebolt}
rCold   . . .      Faith    .    (shield currently unavailable)
rNeg    . . .      Spirit   .    a - +0 robe
rPois   .          Reflect  .    (no helmet)
rElec   .          Harm     .    (no cloak)
rCorr   .          Rampage  .    (no gloves)
Will    .....      NoTele   +    (no boots)
Stlth   +                        (no amulet)
HPRegen 0.24/turn                w - +6 ring of strength
MPRegen 0.10/turn                u - +6 ring of intelligence

@: no status effects
A: (nimble swimmer 2), mertail
a: Renounce Religion


You were in the Dungeon.
You worshipped Jiyva.
Jiyva was noncommittal.
You visited 1 branch

Inventory:

Hand Weapons
 D - the +9 sword of Power (weapon) {lifebolt}
   (You found it in the Dungeon)
Armour
 a - a +0 robe (worn)
 B - the +15 Maxwell's patent armour {-Cast -Tele rElec Will+ rCorr}
   (You found it in the Dungeon)

   rElec:     It insulates you from electricity.
   -Cast:     It prevents spellcasting.
   -Tele:     It prevents most forms of teleportation.
   rCorr:     It protects you from acid and corrosion.
   Will:      It increases your willpower.
 C - the +18 shield of the Gong {Loud rN+ Will+ rCorr EV-5}
   (You found it in the Dungeon)

   Loud:      It is deafeningly noisy when blocking attacks.
   EV:        It affects your evasion (-5).
   rN:        It protects you from negative energy.
   rCorr:     It protects you from acid and corrosion.
   Will:      It increases your willpower.
Jewellery
 r - a ring of flight
 s - a +6 ring of dexterity
 t - a +6 ring of dexterity
 u - a +6 ring of intelligence (right hand)
 v - a +6 ring of intelligence
 w - a +6 ring of strength (left hand)
 x - a +6 ring of strength
Wands
 y - a wand of mindburst (7)
 z - a wand of iceblast (7)
 A - a wand of light (7)
Scrolls
 h - 4 scrolls of blinking
 n - 4 scrolls of amnesia
 o - 7 scrolls of fog
 p - 5 scrolls of identify
 q - 2 scrolls of fear
Potions
 b - a potion of lignification
 c - 10 potions of curing
 d - 10 potions of heal wounds
 e - 6 potions of haste
 f - 7 potions of magic
 g - 3 potions of berserk rage
 i - 2 potions of brilliance
 j - 2 potions of invisibility
 k - 4 potions of resistance
 m - 5 potions of might


   Skills:
 + Level 3.1 Fighting
 + Level 5.8 Dodging
 + Level 4.4 Unarmed Combat
 + Level 3.1 Spellcasting
 + Level 5.8 Transmutations


You had 6 spell levels left.
You knew the following spells:

 Your Spells              Type           Power      Damage    Failure   Level
a - Beastly Appendage     Tmut           46%        N/A       1%          1

Your spell library contained the following spells:

 Spells                   Type           Power      Damage    Failure   Level
 Wereblood                Tmut           23%        N/A       2%          2
 Spider Form              Tmut/Pois      13%        N/A       14%         3
 Ice Form                 Ice/Tmut       13%        N/A       43%         4


Dungeon Overview and Level Annotations

Branches:
Dungeon (1/1)

Altars:
Ashenzari
Cheibriados
Dithmenos
Elyvilon
Fedhas
Gozag
Hepliaklqana
Kikubaaqudgha
Makhleb
Nemelex Xobeh
Okawaru
Qazlal
Ru
Sif Muna
Trog
Uskayaw
Vehumet
Wu Jian
Xom
Yredelemnul
Zin
The Shining One
Jiyva
Lugonu

Annotations:
D 1 transporter


Innate Abilities, Weirdness & Mutations

((You are very nimble when in or above water. (Stealth+, EV+, Speed+++)))
Your lower body shifts to a powerful aquatic tail in water.


Message History

Your movement speed is average.
Your attack delay is about 1.7.
Your damage rating with the +9 sword of Power {lifebolt} is about 28 (Base 17 x 110% (Dex) x 101% (Skill) + 9 (Ench)).
You feel stronger.
w - a +6 ring of strength (left hand)
You feel clever.
u - a +6 ring of intelligence (right hand)
You feel more experienced!
Your Fighting skill gained 2 levels and is now at level 3!
Your Dodging skill gained 3 levels and is now at level 5!
Your Unarmed Combat skill increases to level 4!
Your Spellcasting skill increases to level 3!
Your Transmutations skill gained 3 levels and is now at level 5!
You have reached level 2!
Okay, then.
Items here: [[[[[[[.
Things that are here:
a +3 tower shield; a +3 kite shield; a +3 buckler
Things that are here:
a +5 executioner's axe; a +5 battleaxe; a +5 broad axe
Casting: Beastly Appendage (safe; 1% risk of failure)
Confirm with . or Enter, or press ? or * to list all spells.
Okay, then.
Okay, then.
There is a transporter here.
Welcome to arena 1.
You enter the transporter and appear at another place.
A +5 vampiric war axe and an earth elemental come into view.
Found the Codex of Despicable Rites and a staff of death.
Found a transporter.
Hit: D) +9 sword of Power {lifebolt}
Press: ? - help, Dir - move target
Okay, then.
You closely miss the +5 vampiric war axe.
The +5 vampiric war axe hits you!
Ouch! That really hurt!
The +5 vampiric war axe hits you.
* * * LOW HITPOINT WARNING * * *
The +5 vampiric war axe hits you!
Ouch! That really hurt!
You die...

▓▓▓▓▓▓▓
▓.8©8.▓
▓.....▓
▓.|.:.▓
▓..E..▓
▓..(..▓
▓..@..▓
▓▓▓▓▓▓▓


You could see an earth elemental and a +5 vampiric war axe.

Vanquished Creatures (others)
  Dissolution (D)
  Donald (D)
  Sonja (D)
  Menkaure (D)
  Crazy Yiuf (D)
5 creatures vanquished.

Notes
Turn   | Place    | Note
-------+----------+-------------------------------------------
     0 | D        | valliere the Merfolk Transmuter began the quest for the
                  | Orb.
     0 | D        | Reached XP level 1. HP: 15/15 MP: 3/3
     0 | D        | Found a shimmering blue altar of Sif Muna.
     0 | D        | Found a sacrificial altar of Ru.
     0 | D        | Found a bloodstained altar of Trog.
     0 | D        | Found a stormy altar of Qazlal.
     0 | D        | Found an iron altar of Okawaru.
     0 | D        | Found a sparkling altar of Nemelex Xobeh.
     0 | D        | Found a blossoming altar of Fedhas.
     0 | D        | Found the +6 Majin-Bo {spellvamp, MP+6 Int+6}
     0 | D        | Found the +27 heavy crossbow "Sniper" {heavy, Acc+∞ SInv}
     0 | D        | Found the +10 dark maul {heavy}
     0 | D        | Found the +15 Maxwell's patent armour {-Cast -Tele rElec
                  | Will+ rCorr}
     0 | D        | Found the +18 shield of the Gong {Loud rN+ Will+ rCorr
                  | EV-5}
     0 | D        | Found the +16 obsidian axe {drain, demonic, Mesm Drain Fly
                  | SInv}
     0 | D        | Found the +7 great mace "Firestarter" {flame, inner flame,
                  | rFlCloud rF++}
     0 | D        | Found the +6 shillelagh "Devastator" {shatter}
     0 | D        | Found the +11 plutonium sword {Contam Stlth-}
     0 | D        | Found the +8 lance "Wyrmbane" {slay drac, rPois rF+ rC+
                  | AC+3}
     0 | D        | Found the +9 sword of Zonguldrok {reap}
     0 | D        | Found the +13 scythe of Curses {drain, curses, Drain}
     0 | D        | Found the +9 sword of Power {lifebolt}
     0 | D        | Found the +7 mace of Variability {chaos, chain chaos}
     0 | D        | Found the +11 Singing Sword {sonic wave}
     0 | D        | Found the +8 storm bow {elec, penet}
     2 | D        | Found a transporter.
     2 | D        | Found an ancient bone altar of Kikubaaqudgha.
     2 | D        | Found a viscous altar of Jiyva.
     2 | D        | Found a corrupted altar of Lugonu.
     2 | D        | Found a hazy altar of Hepliaklqana.
     2 | D        | Found a burning altar of Makhleb.
     2 | D        | Found an opulent altar of Gozag.
    58 | D        | Became a worshipper of Jiyva Jugo the Shapeless
    61 | D        | Killed Donald
    62 | D        | Killed Menkaure
    65 | D        | Killed Crazy Yiuf
    66 | D        | Killed Sonja
    68 | D        | Killed Dissolution
    72 | D        | Reached skill level 5 in Dodging
    72 | D        | Reached skill level 5 in Transmutations
    72 | D        | Reached XP level 2. HP: 24/24 MP: 4/6
    89 | D        | Entered arena 2.
    89 | D        | Noticed a +5 vampiric war axe
    89 | D        | Noticed an earth elemental
    89 | D        | Found a transporter.
    91 | D        | Mangled by a +5 vampiric war axe

Illustrated notes

Levels and vault maps discovered:
D:        sprint_v [room_start, room_1, room_2, room_3, room_4, room_5, room_6,
          room_7, room_8, room_9, room_10, room_11, room_12, room_13, room_14,
          room_15, room_16, room_17, room_18, room_19, room_20, room_21,
          room_22, room_23, room_24, room_25, room_26, room_27]

Skill      XL: |  1 |
---------------+----+-----
Fighting       | 3 |  3.1
Dodging        | 5 |  5.8
Unarmed Combat | 4 |  4.4
Spellcasting   | 3 |  3.1
Transmutations | 5 |  5.8

Action                     || total
---------------------------++-------
  Melee: Great sword       ||     1
    Use: Potion            ||     1

Table legend: (Time is in decaauts)
 A = Elapsed time spent in this place.
 B = Non-inter-level travel time spent in this place.
 C = Inter-level travel time spent in this place.
 D = Time resting spent in this place.
 E = Time spent auto-exploring this place.
 F = Levels seen in this place.
 G = Mean time per level.
                   A        B        C        D        E       F      G
               +--------+--------+--------+--------+--------+-----+--------+
         Total |     89 |     89 |      0 |      0 |     12 |   1 |   89.0 |
       Dungeon |     89 |     89 |      0 |      0 |     12 |   1 |   89.0 |
               +--------+--------+--------+--------+--------+-----+--------+

Top non-repeatable levels by time:
       D: 89 daAuts
